 Seeded DCSS version 0.31-a0-986-g5e6e4ef867 (webtiles) character file.

Game seed: 9146616140193149993 (custom seed)

25998 Psyclone the Tainter (level 12, -16/64 (72) HPs)
             Began as a Deep Elf Conjurer on Nov 11, 2023.
             Was an Initiate of Gozag.
             Killed from afar by an orc sorcerer (29 damage)
             ... with a bolt of negative energy
             ... on level 2 of the Orcish Mines.
             The game lasted 00:59:50 (19037 turns).

Psyclone the Tainter (Deep Elf Conjurer)           Turns: 19037, Time: 00:59:51

HP:   -16/64 (72)   AC: 15    Str:  4      XL:     12   Next: 94%
MP:   20/28         EV: 15    Int: 30 (31) God:    Gozag
Gold: 2429          SH:  5    Dex: 13      Spells: 7/32 levels left

rFire   . . .        j - +4 short sword (elec)
rCold   + . .        A - +0 buckler
rNeg    . . .        I - +0 steam dragon scales
rPois   +            J - +3 crown of Dyrovepreva {rElec Int+2 SInv}
rElec   +            g - +0 cloak
rCorr   .            W - +2 pair of gloves {hurl}
SInv    +            w - +2 pair of boots
Will    +....        T - amulet of the acrobat
Stlth   ++           o - ring of poison resistance
HPRegen 0.30/turn    p - ring of Wiotiw {+Blink rElec rC+}
MPRegen 0.21/turn

%: acrobat, clarity
@: radiating poison, gold aura, studying Poison Magic, heavily drained
A: hooves 1, clarity, wild magic 1, MP-powered wands
a: Renounce Religion, Evoke Blink, Potion Petition, Call Merchant, Bribe Branch


You were on level 2 of the Orcish Mines.
You worshipped Gozag.
Gozag was most pleased with you.
You visited 3 branches of the dungeon, and saw 13 of its levels.
You also visited: Bailey.

You collected 4822 gold pieces.
You spent 2393 gold pieces at shops.

Inventory:

Hand Weapons
 d - a +0 rapier of speed
 j - a +4 short sword of electrocution (weapon)
Missiles
 m - 2 throwing nets {!f}
Armour
 g - a +0 cloak (worn)
 w - a +2 pair of boots (worn)
 x - a +2 robe of willpower
 A - a +0 buckler (worn)
 I - +0 steam dragon scales (worn)
 J - the +3 crown of Dyrovepreva (worn) {rElec Int+2 SInv}
   (You found it in a bailey)

   Int+2:     It affects your intelligence (+2).
   rElec:     It insulates you from electricity.
   SInv:      It lets you see invisible.
 M - a +2 leather armour of fire resistance
 N - a +2 ring mail of cold resistance
 W - a +2 pair of gloves of hurling (worn)
Magical Staves
 a - a staff of fire
 k - a staff of air
Jewellery
 h - a ring of protection from fire
 n - a ring of see invisible
 o - a ring of poison resistance (left hand)
 p - the ring of Wiotiw (right hand) {+Blink rElec rC+}
   (You found it on level 3 of the Dungeon)

   [ring of protection from cold]

   rC+:       It protects you from cold.
   rElec:     It insulates you from electricity.
   +Blink:    It lets you blink.
 D - an amulet of regeneration
 S - a ring of ice
 T - an amulet of the acrobat (around neck)
 X - a ring of protection from fire
Wands
 c - a wand of paralysis (30)
 r - a wand of flame (25)
 s - a wand of iceblast (19)
 V - a wand of digging (2)
Scrolls
 f - 5 scrolls of teleportation {unknown}
 t - 6 scrolls of fog
 v - 7 scrolls of fear
 y - 2 scrolls of blinking
 z - a scroll of vulnerability
 B - a scroll of revelation
 F - a scroll of silence {!r}
 H - 2 scrolls of noise
 L - a scroll of enchant armour
 Z - a scroll of immolation
Potions
 b - a potion of magic
 e - 2 potions of lignification
 i - 2 potions of haste {unknown}
 l - 4 potions of heal wounds
 q - 2 potions of resistance
 u - a potion of berserk rage
 C - a potion of degeneration
 E - 2 potions of attraction
 G - a potion of mutation
 O - 3 potions of enlightenment
 P - 2 potions of curing
 Q - a potion of ambrosia
 R - a potion of cancellation
 Y - a potion of might
Miscellaneous
 K - a condenser vane
 U - a box of beasts


   Skills:
 + Level 7.5 Fighting
 - Level 9.0 Dodging
 - Level 2.4 Stealth
 + Level 5.1 Shields
 + Level 10.6 Spellcasting
 + Level 11.7 Conjurations
 - Level 3.0 Hexes
 - Level 3.0 Translocations
 - Level 6.0 Transmutations
 - Level 6.0 Fire Magic
 - Level 3.0 Air Magic
 - Level 3.0 Earth Magic
 - Level 12.0 Poison Magic


You had 7 spell levels left.
You knew the following spells:

 Your Spells              Type           Power      Damage    Failure   Level
a - Magic Dart            Conj           100%       1d8       1%          1
b - Searing Ray           Conj           100%       2d8       1%          2
c - Passwall              Tmut/Erth      45%        N/A       2%          2
d - Fulminant Prism       Conj/Hex       34%        3d15      4%          4
e - Iskenderun's Mystic   Conj/Tloc      68%        2d14      4%          4
q - Blink                 Tloc           88%        N/A       4%          2
r - Swiftness             Air            44%        N/A       9%          3
s - Ignite Poison         Fire/Tmut/Pois 70%        N/A       1%          3
x - Olgreb's Toxic Radia  Pois           85%        N/A       1%          4

Your spell library contained the following spells:

 Spells                   Type           Power      Damage    Failure   Level
 Wereblood                Tmut           61%        N/A       1%          2
 Dazzling Flash           Conj/Hex       100%       N/A       1%          3
 Sticky Flame             Conj/Fire      74%        2d9       3%          4
 Ensorcelled Hibernation  Hex/Ice        64%        N/A       8%          2
 Necrotise                Necr           80%        1d8       10%         1
 Sublimation of Blood     Necr           20%        N/A       13%         2
 Summon Guardian Golem    Hex/Summ       32%        N/A       14%         3
 Manifold Assault         Tloc           44%        N/A       24%         4
 Vampiric Draining        Necr           20%        2d7       26%         3
 Orb of Destruction       Conj           42%        9d12      45%         7
 Silence                  Hex/Air        22%        N/A       52%         5
 Agony                    Necr           20%        N/A       90%         5
 Spellforged Servitor     Conj/Summ      30%        N/A       99%         7
 Summon Hydra             Summ           10%        N/A       100%        7
 Discord                  Hex            22%        N/A       100%        8
 Ignition                 Fire           30%        3d10      100%        8


Dungeon Overview and Level Annotations

Branches:
Dungeon (10/15) Zot: 24304  Temple (1/1) D:5 Zot: 5998    Lair (0/5) D:8
    Orc (2/2) D:10 Zot: 8959     Elf (0/3) Orc:2        Bailey (visited)

Altars:
Ashenzari
Cheibriados
Dithmenos
Elyvilon
Fedhas
Gozag
Hepliaklqana
Kikubaaqudgha
Makhleb
Nemelex Xobeh
Okawaru
Qazlal
Ru
Sif Muna
Trog
Uskayaw
Vehumet
Wu Jian
Xom
Yredelemnul
Zin
The Shining One

Shops:
D:1 ?[!!?   D:6 :   D:7 [?:(?   Orc:2 *(

Annotations:
D:7 exclusion: downstairs
D:10 2 transporters, jestert79's ghost, novice DsSh


Innate Abilities, Weirdness & Mutations

You have large cloven feet.
You possess an exceptional clarity of mind.
Your spells are a little harder to cast, but a little more powerful.
You expend magic power (3 MP) to strengthen your wands.


Message History

The orc wizard looks even sicker.
You kill the orc!
The orc looks even sicker.
You kill the orc!
The orc priest looks braver for a moment.
The orc sorcerer casts a spell.
You now have 24/28 mp.
You hit the orc warrior.
Lightning courses through the orc warrior!
The orc warrior is almost dead.
The orc sorcerer looks even sicker.
The orc priest looks even sicker. x2
You kill the orc warrior!
The orc wizard looks as sick as possible!
You kill the orc!
You kill the orc priest!
You kill the orc wizard!
The orc priest is distracted by your dazzling golden aura.
You kill the orc priest!
The orc sorcerer points at you and mumbles some strange words.
The bolt of fire hits you!
The orc sorcerer is distracted by your dazzling golden aura.
The neqoxec gestures at you.
You feel dopey. Something feeds on your intellect!
The orc sorcerer shouts!
There is an open door here.
Things that are here:
7 gold pieces; a +3 scimitar; a +0 chain mail You take 14 damage, and have 45/72 hp.
Casting: Olgreb's Toxic Radiance (dangerous; 1% risk of failure)
Confirm with . or Enter, or press ? or * to list all spells.
Your toxic radiance grows in intensity.
The orc sorcerer is no longer distracted by gold.
The orc sorcerer looks as sick as possible!
The orc sorcerer looks even sicker.
The orc sorcerer casts a spell at you. The bolt of negative energy hits you!!
You feel drained.
* * * LOW HITPOINT WARNING * * *
The orc sorcerer gestures at you while chanting.
The bolt of negative energy hits you!!
You feel drained.
You die...
Your body crumbles into a pile of gold.

##.## ##)# ##)#
##### ##.## ##.).##
###).# #$$.$.#
.#..##### .3o.o
....# #.## $..
...## ##.# #.# .)##
##..### #@#
...###...##.####.##
...##...####..###.#
.)..#..## #...#...#
..))..## #......##
#...).# ##....##
#.....## #....##
###....# ##..####
#....###...#..##


You could see a neqoxec (summoned) and 2 orc sorcerers.

Vanquished Creatures
  3 orc warlords (Orc:2)
  Erolcha (D:10)
  6 two-headed ogres
  A tengu warrior (D:8)
  A deep elf pyromancer (Bailey)
  4 orc knights
  4 orc sorcerers
  A cyclops (Orc:2)
  Maurice (D:10)
  6 gargoyles (D:8)
  Psyche (D:8)
  Maggie (D:8)
  A kobold demonologist (D:7)
  A komodo dragon (D:10)
  A tengu conjurer (D:8)
  2 trolls (Orc:2)
  Prince Ribbit (D:5)
  Grinder (D:3)
  A shadow (D:10)
  2 wyverns
  3 yaks (D:10)
  A vampire (D:10)
  3 steam dragons
  6 wargs
  4 water moccasins
  34 orc warriors
  A sky beast (D:8)
  A black bear (D:7)
  2 ice beasts
  14 ogres
  2 centaurs
  4 bullfrogs
  2 kobold brigands
  3 scorpions
  3 gnoll sergeants
  4 wights (D:6)
  6 killer bees (D:9)
  3 howler monkeys
  5 electric eels (D:10)
  4 hounds
  2 jellies
  2 gnoll boudas
  21 orc priests
  A sleepcap (D:8)
  11 orc wizards
  5 iguanas
  24 gnolls
  10 adders
  2 shadow imps
  A white imp (D:4)
  3 dart slugs
  90 orcs
  3 ball pythons
  6 endoplasms
  4 giant cockroaches
  11 goblins
  3 hobgoblins
  2 jackals (D:4)
  A quokka (D:3)
  8 bats
  9 frilled lizards
  4 goblin skeletons (D:4)
  A goblin zombie (D:4)
  2 hobgoblin zombies (D:4)
  12 kobolds
  A kobold zombie (D:4)
  2 orc skeletons (D:4)
  2 rats
388 creatures vanquished.

Vanquished Creatures (others)
  22 fulminant prisms
22 creatures vanquished.

Grand Total: 410 creatures vanquished

Notes
Turn   | Place    | Note
-------+----------+-------------------------------------------
     0 | D:1      | Psyclone the Deep Elf Conjurer began the quest for the Orb.
     0 | D:1      | Reached XP level 1. HP: 10/10 MP: 6/6
    59 | D:2      | Found a faded altar of an unknown god.
    74 | D:2      | Prayed at the altar of an unknown god.
    74 | D:2      | Became a worshipper of Gozag Ym Sagoz the Greedy
   208 | D:1      | Found Yxash's Magic Scroll Shoppe.
   308 | D:1      | Found Rorchoim's Distillery.
   311 | D:1      | Reached XP level 2. HP: 15/15 MP: 6/8
   314 | D:1      | Learned a level 2 spell: Searing Ray
   386 | D:1      | Reached skill level 5 in Conjurations
   434 | D:1      | Found Duvil's Armour Shop.
   643 | D:1      | Found Tost's Magic Scroll Shop.
   687 | D:1      | Reached XP level 3. HP: 19/19 MP: 3/10
   770 | D:1      | Found Foutar Ahot's Distillery.
  1644 | D:2      | Reached XP level 4. HP: 24/24 MP: 9/12
  2191 | D:3      | Noticed a scorpion
  2198 | D:3      | Killed a scorpion
  2199 | D:3      | Reached skill level 5 in Spellcasting
  2199 | D:3      | Reached XP level 5. HP: 24/28 MP: 4/14
  2281 | D:3      | Noticed Grinder
  2290 | D:3      | Killed Grinder
  2291 | D:3      | Reached XP level 6. HP: 30/32 MP: 7/16
  2352 | D:3      | Found a shadowy altar of Dithmenos.
  2384 | D:3      | Identified the ring of Wiotiw {+Blink rElec rC+}
  3390 | D:4      | Found an ornate altar of the Wu Jian Council.
  3455 | D:4      | Found an opulent altar of Gozag.
  3763 | D:4      | Noticed a water moccasin
  3776 | D:4      | Killed a water moccasin
  3777 | D:4      | Reached XP level 7. HP: 13/36 MP: 3/18
  3904 | D:4      | Found a glowing golden altar of the Shining One.
  4143 | D:1      | Bought a +2 pair of boots for 231 gold pieces
  4737 | D:5      | Entered Level 5 of the Dungeon
  4742 | D:5      | Found a hazy altar of Hepliaklqana.
  4867 | D:5      | Gained mutation: You possess an exceptional clarity of
                  | mind. [potion of mutation]
  4867 | D:5      | Gained mutation: You have large cloven feet. [potion of
                  | mutation]
  4867 | D:5      | Gained mutation: Your spells are a little harder to cast,
                  | but a little more powerful. [potion of mutation]
  4867 | D:5      | Gained mutation: You expend magic power (3 MP) to
                  | strengthen your wands. [potion of mutation]
  5563 | D:5      | Noticed Prince Ribbit
  5576 | D:5      | Killed Prince Ribbit
  5577 | D:5      | Reached XP level 8. HP: 16/41 MP: 11/21
  5849 | D:5      | Found a staircase to the Ecumenical Temple.
  5855 | Temple   | Entered the Ecumenical Temple
  6176 | D:6      | Reached skill level 10 in Conjurations
  6593 | D:6      | Learned a level 4 spell: Fulminant Prism
  6598 | D:6      | Learned a level 4 spell: Iskenderun's Mystic Blast
  6601 | D:6      | Learned a level 2 spell: Blink
  6604 | D:6      | Learned a level 2 spell: Passwall
  6608 | D:6      | Learned a level 3 spell: Swiftness
  6686 | D:6      | Reached skill level 1 in Fighting
  6686 | D:6      | Reached skill level 1 in Shields
  6900 | D:6      | Reached XP level 9. HP: 38/48 MP: 16/23
  7219 | D:6      | Found Ostrurghuv's Book Emporium.
  7878 | D:7      | Found Guplixug's Magic Scroll Boutique.
  7941 | D:7      | Noticed a kobold demonologist
  7949 | D:7      | Killed a kobold demonologist
  7950 | D:7      | Reached skill level 5 in Dodging
  8095 | D:7      | Found Siruun's Book Shoppe.
  8290 | D:7      | Found a transporter.
  8342 | D:7      | Found a transporter.
  8342 | D:7      | Found Vizin's Armour Emporium.
  8386 | D:7      | Found Yhiunur's Magic Scroll Boutique.
  8739 | D:7      | Found Waycem's Weapon Shoppe.
  9036 | D:1      | Bought a scroll of acquirement for 624 gold pieces
  9961 | D:8      | Found a staircase to the Lair.
  9966 | D:8      | Acquired an Everburning Encyclopedia
  9980 | D:8      | Acquired 483 gold pieces
 10004 | D:8      | Found a flagged portal.
 10007 | D:8      | Noticed Maggie
 10044 | D:8      | Killed Maggie
 10045 | D:8      | Reached XP level 10. HP: 58/58 MP: 7/24
 10134 | Bailey   | Entered a bailey
 10268 | Bailey   | Reached skill level 1 in Hexes
 10344 | Bailey   | Reached skill level 1 in Translocations
 10380 | Bailey   | Found a large runed translucent door.
 10380 | Bailey   | Found a large runed translucent door.
 10380 | Bailey   | Noticed a deep elf pyromancer
 10380 | Bailey   | Noticed an orc knight
 10419 | Bailey   | Killed an orc knight
 10542 | Bailey   | Found the +3 crown of Dyrovepreva {rElec Int+2 SInv}
 10586 | Bailey   | Killed a deep elf pyromancer
 11009 | D:8      | Noticed a tengu warrior
 11022 | D:8      | Reached skill level 5 in Fighting
 11024 | D:8      | Killed a tengu warrior
 11025 | D:8      | Reached skill level 5 in Shields
 11026 | D:8      | Noticed Psyche
 11137 | D:8      | Noticed a gargoyle
 11142 | D:8      | Killed a gargoyle
 11142 | D:8      | Killed Psyche
 11266 | D:8      | Noticed a gargoyle
 11267 | D:8      | Noticed a gargoyle
 11268 | D:8      | Noticed a gargoyle
 11269 | D:8      | Noticed a gargoyle
 11275 | D:8      | Killed a gargoyle
 11287 | D:8      | Killed a gargoyle
 11557 | D:7      | Learned a level 3 spell: Ignite Poison
 11620 | D:6      | Bought the Unrestrained Analects for 552 gold pieces
 11625 | D:6      | Learned a level 4 spell: Olgreb's Toxic Radiance
 11996 | D:8      | Noticed a gargoyle
 12010 | D:8      | Killed a gargoyle
 12011 | D:8      | Reached skill level 2 in Poison Magic
 12016 | D:8      | Killed a gargoyle
 12017 | D:8      | Reached XP level 11. HP: 66/66 MP: 6/25
 12346 | D:8      | Reached skill level 3 in Poison Magic
 12499 | D:8      | Found a broken altar of Ashenzari.
 12678 | D:6      | Bought a manual of Poison Magic for 960 gold pieces
 12713 | D:9      | Noticed a two-headed ogre
 12719 | D:9      | Reached skill level 4 in Poison Magic
 12719 | D:9      | Killed a two-headed ogre
 12720 | D:9      | Reached skill level 6 in Poison Magic
 13153 | D:9      | Reached skill level 7 in Poison Magic
 13349 | D:10     | Entered Level 10 of the Dungeon
 13375 | D:10     | Noticed jestert79's ghost (novice DsSh)
 13392 | D:10     | Found a transporter.
 13443 | D:10     | Found a transporter.
 13814 | D:10     | Reached skill level 1 in Earth Magic
 13815 | D:10     | Reached skill level 1 in Transmutations
 13815 | D:10     | Reached skill level 1 in Fire Magic
 13825 | D:10     | Reached skill level 1 in Air Magic
 13825 | D:10     | Reached skill level 8 in Poison Magic
 13832 | D:10     | Noticed Erolcha
 13905 | D:10     | Killed Erolcha
 14248 | D:10     | Noticed an orc sorcerer
 14253 | D:10     | Killed an orc sorcerer
 14342 | D:10     | Found a staircase to the Orcish Mines.
 14544 | D:10     | Noticed Maurice
 14551 | D:10     | Killed Maurice
 15093 | D:10     | Reached skill level 9 in Poison Magic
 16009 | Orc:1    | Entered Level 1 of the Orcish Mines
 16149 | Orc:1    | Found a bloodstained altar of Trog.
 16226 | Orc:1    | Reached skill level 10 in Poison Magic
 16314 | Orc:2    | Entered Level 2 of the Orcish Mines
 16450 | Orc:2    | Noticed a two-headed ogre
 16456 | Orc:2    | Killed a two-headed ogre
 16505 | Orc:2    | Noticed a two-headed ogre
 16510 | Orc:2    | Killed a two-headed ogre
 16520 | Orc:2    | Noticed a two-headed ogre
 16526 | Orc:2    | Noticed a two-headed ogre
 16532 | Orc:2    | Killed a two-headed ogre
 16532 | Orc:2    | Killed a two-headed ogre
 16533 | Orc:2    | Reached skill level 11 in Poison Magic
 16533 | Orc:2    | Reached XP level 12. HP: 71/71 MP: 8/26
 17237 | Orc:1    | Reached skill level 5 in Transmutations
 17238 | Orc:1    | Reached skill level 5 in Fire Magic
 17558 | Orc:2    | Noticed an orc warlord
 17567 | Orc:2    | Killed an orc warlord
 17568 | Orc:2    | Reached skill level 12 in Poison Magic
 17713 | Orc:2    | Noticed a two-headed ogre
 17718 | Orc:2    | Killed a two-headed ogre
 17807 | Orc:2    | Found Hamn's Assorted Antiques.
 17980 | Orc:2    | Bought a scroll labelled TUSTRI IDERRAE for 26 gold pieces
 17990 | Orc:2    | Found Yhumiph's Weapon Shop.
 18128 | Orc:2    | Noticed an orc warlord
 18141 | Orc:2    | Killed an orc warlord
 18142 | Orc:2    | Reached skill level 10 in Spellcasting
 18468 | Orc:2    | Noticed an orc warlord
 18480 | Orc:2    | Killed an orc warlord
 18941 | Orc:2    | Found a staircase to the Elven Halls.
 19037 | Orc:2    | Killed from afar by an orc sorcerer

Illustrated notes

Levels and vault maps discovered:
D:1:      minmay_arrival_five_plusses, layout_basic, serial_shops, shop, shop,
          shop, shop, nicolae_shop_just_a_little_nook
D:2:      layout_loops_ring, shapermc_ecumenical_altar_petra,
          minmay_pentomino_o2
D:3:      minmay_angry_zag, layout_basic, nicolae_dithmenos_the_darkroom,
          hangedman_abyss_or_decor_lesser_grid, minmay_statues_item,
          hangedman_feature_mirror, due_unseen_surprise, uniq_grinder
D:4:      layout_basic, nicolae_wu_jian_glorious_leap,
          nicolae_tso_besieged_by_evil,
          mainiacjoe_overflow_concentric_impassable, minmay_lizard_king
D:5:      layout_cave_pods, lemuel_crystal_altar,
          minmay_temple_entry_enclosed_plants, serial_bayou_lake_a,
          uniq_prince_ribbit1
D:6:      layout_loops_ring, serial_shops, nicolae_shop_just_a_little_nook
D:7:      layout_basic, serial_shops, nicolae_shop_trees,
          nicolae_shop_rolled_up, nicolae_shop_drivethru,
          nicolae_shop_tiny_glass, nicolae_shop_rolled_up
D:8:      cheibrodos_statue_roulette, layout_loops_ring,
          lemuel_coloured_pillars_altar, lair_entry_dummy, enter_bailey_5,
          uniq_maggie, uniq_psyche
D:9:      layout_small_grid
D:10:     cheibrodos_wizards_tower, layout_stronghold, david_orc_4,
          gammafunk_ghost_berserking_beasts, serial_bayou,
          serial_bayou_crossing, serial_bayou_lagoon_a, serial_bayou_shore_b,
          serial_bayou_shore_a, uniq_erolcha, uniq_maurice
Temple:   regret_index_temple_sphere_string
Orc:1:    layout_caves, basic_altar, trog_butcher_becter
Orc:2:    pubby_orc_utopia

Skill      XL: |  1  2  3  4  5  6  7  8  9 10 11 12 |
---------------+-------------------------------------+-----
Conjurations   | 5 6 7 8 9 10 11 | 11.7
Spellcasting   | 4 5 6 7 8 10 | 10.6
Fighting       | 1 4 6 7 |  7.5
Dodging        | 3 7 9 |  9.0
Shields        | 1 4 5 |  5.1
Hexes          | 3 |  3.0
Translocations | 3 |  3.0
Poison Magic   | 2 11 12 | 12.0
Earth Magic    | 3 |  3.0
Transmutations | 4 6 |  6.0
Fire Magic     | 4 6 |  6.0
Air Magic      | 3 |  3.0
Stealth        | |  2.4

Action                     |  1- 3 |  4- 6 |  7- 9 | 10-12 || total
---------------------------+-------+-------+-------+-------++-------
  Melee: Unarmed           |    11 |       |       |       ||    11
         Short sword       |       |     1 |       |    95 ||    96
   Cast: Magic Dart        |    55 |    57 |    79 |    20 ||   211
         Searing Ray       |     1 |    14 |    75 |    21 ||   111
         Iskenderun's Myst |       |       |     8 |    23 ||    31
         Fulminant Prism   |       |       |     4 |    18 ||    22
         Olgreb's Toxic Ra |       |       |       |    84 ||    84
         Ignite Poison     |       |       |       |    48 ||    48
  Evoke: Wand              |       |       |       |     1 ||     1
    Use: Scroll            |       |     8 |     8 |     8 ||    24
         Potion            |       |     1 |     2 |     3 ||     6
   Stab: Sleeping          |       |     1 |       |     3 ||     4
 Armour: Robe              |     3 |    21 |    38 |       ||    62
         Skin              |       |       |       |    16 ||    16
         Steam dragon scal |       |       |       |    80 ||    80
  Dodge: Dodged            |     3 |    20 |    35 |   123 ||   181
  Block: Buckler           |       |       |       |    35 ||    35

Table legend: (Time is in decaauts)
 A = Elapsed time spent in this place.
 B = Non-inter-level travel time spent in this place.
 C = Inter-level travel time spent in this place.
 D = Time resting spent in this place.
 E = Time spent auto-exploring this place.
 F = Levels seen in this place.
 G = Mean time per level.
                   A        B        C        D        E       F      G
               +--------+--------+--------+--------+--------+-----+--------+
         Total |  19141 |  17468 |   1673 |   3611 |  10078 |  14 | 1367.2 |
       Dungeon |  15268 |  13701 |   1567 |   2022 |   9109 |  10 | 1526.8 |
        Temple |      1 |      0 |      1 |      0 |      0 |   1 |    1.0 |
  Orcish Mines |   3039 |   2935 |    104 |   1095 |    969 |   2 | 1519.5 |
        Bailey |    831 |    831 |      0 |    494 |      0 |   1 |  831.0 |
               +--------+--------+--------+--------+--------+-----+--------+

Top non-repeatable levels by time:
     D:7: 2428 daAuts
   Orc:2: 2408 daAuts
    D:10: 2363 daAuts
     D:6: 1724 daAuts
     D:8: 1721 daAuts
     D:3: 1447 daAuts
     D:4: 1345 daAuts
     D:2: 1340 daAuts
     D:5: 1213 daAuts
     D:1: 1000 daAuts
  Bailey: 831 daAuts
     D:9: 682 daAuts
   Orc:1: 630 daAuts
  Temple: 1 daAuts
